 Dungeon Crawl Stone Soup version 0.30-a0-341-g682706514a (webtiles) character file.

Game seed: 13654501573433590240

244457 sanka the Wrestler (level 18, -2/161 (193) HPs)
             Began as a Troll Summoner on Oct 31, 2022.
             Was a High Priest of Okawaru.
             Killed from afar by a halazid warlock (40 damage)
             ... with a ghostly fireball
             ... in the Desolation of Salt on Nov 1, 2022.
             The game lasted 01:38:42 (36740 turns).

sanka the Wrestler (Troll Summoner)                Turns: 36740, Time: 01:38:43

HP:   -2/161 (193)  AC: 26    Str: 27    XL:     18   Next: 73%
MP:   0/34          EV:  9    Int: 11    God:    Okawaru [*****.]
Gold: 3661          SH:  0    Dex: 10    Spells: 16/19 levels left

rFire   + . .      SeeInvis .      - Unarmed
rCold   + . .      Faith    .    (no shield)
rNeg    . . .      Spirit   +    l - +0 storm dragon scales
rPois   +          Reflect  .    J - +1 hat
rElec   +          Harm     .    N - +0 cloak of Duty {MP+9}
rCorr   .          Rampage  .    (gloves unavailable)
Will    +....                    (boots unavailable)
Stlth   ..........               L - amulet of guardian spirit
HPRegen 1.26/turn                M - +4 ring of protection
MPRegen 0.24/turn                P - ring "Zemui" {rPois rF+ rC+}

@: heroic, finesse-ful, spiked, heavily drained
A: large, unfitting armour, claws 3, regeneration 1, shaggy fur 1, tough skin 1
}: 2/15 runes: decaying, serpentine
a: Renounce Religion, Heroism, Finesse, Duel


You were in the Desolation of Salt.
You worshipped Okawaru.
Okawaru was extremely pleased with you.
You visited 7 branches of the dungeon, and saw 32 of its levels.
You also visited: Bailey and Desolation.

You collected 4458 gold pieces.
You spent 797 gold pieces at shops.


Innate Abilities, Weirdness & Mutations

You are too large for most types of armour.
You have claws for hands.
Your natural rate of healing is unusually fast.
You are covered in fur. (AC +1)
You have tough skin. (AC +1)


   Skills:
 - Level 15.0(20.0) Fighting
 - Level 12.0(17.0) Armour
 - Level 1.5(6.5) Dodging
 - Level 1.0(6.0) Stealth
 - Level 22.0(27) Unarmed Combat
 - Level 1.2 Spellcasting
 - Level 2.9 Summonings
 + Level 11.6 Invocations
 + Level 6.5 Evocations


You had 16 spell levels left.
You knew the following spells:

 Your Spells              Type           Power      Damage    Failure   Level
z - Summon Small Mammal   Summ           28%        N/A       30%         1
N - Passwall              Tmut/Erth      0%         N/A       85%         2

Your spell library contained the following spells:

 Spells                   Type           Power      Damage    Failure   Level
 Apportation              Tloc           0%         N/A       71%         1
 Beastly Appendage        Tmut           0%         N/A       71%         1
 Foxfire                  Conj/Fire      0%         2x1d4     71%         1
 Kiss of Death            Conj/Necr      0%         2d5       71%         1
 Magic Dart               Conj           0%         1d3       71%         1
 Necrotise                Necr           0%         1d4       71%         1
 Sandblast                Erth           0%         2d4       71%         1
 Slow                     Hex            0%         N/A       71%         1
 Sting                    Tmut/Pois      0%         1d3       71%         1
 Ensorcelled Hibernation  Hex/Ice        0%         N/A       85%         2
 Searing Ray              Conj           0%         2d4       85%         2
 Wereblood                Tmut           0%         N/A       85%         2
 Confusing Touch          Hex            0%         N/A       97%         3
 Dazzling Flash           Conj/Hex       0%         N/A       97%         3
 Frozen Ramparts          Ice            0%         1d1       97%         3
 Gell's Gravitas          Tloc           0%         N/A       97%         3
 Inner Flame              Hex/Fire       0%         N/A       97%         3
 Kindle Blastsparks       Fire/Tloc/Air  0%         2d10      97%         3
 Lesser Beckoning         Tloc           0%         N/A       97%         3
 Portal Projectile        Hex/Tloc       0%         N/A       97%         3
 Spider Form              Tmut/Pois      0%         N/A       97%         3
 Stone Arrow              Conj/Erth      0%         3d7       97%         3
 Swiftness                Air            0%         N/A       97%         3
 Teleport Other           Tloc           0%         N/A       97%         3
 Vampiric Draining        Necr           0%         2d6       97%         3
 Airstrike                Air            0%         2d(0-16)  100%        4
 Cause Fear               Hex            0%         N/A       100%        4
 Dispel Undead            Necr           0%         3d6       100%        4
 Fulminant Prism          Conj/Hex       0%         3d5       100%        4
 Ice Form                 Ice/Tmut       0%         N/A       100%        4
 Iskenderun's Mystic Bla  Conj/Tloc      0%         2d3       100%        4
 Leda's Liquefaction      Hex/Erth       0%         N/A       100%        4
 Passage of Golubria      Tloc           0%         N/A       100%        4
 Petrify                  Tmut/Erth      0%         N/A       100%        4
 Agony                    Necr           0%         N/A       100%        5
 Alistair's Intoxication  Tmut/Pois      0%         N/A       100%        5
 Arcjolt                  Conj/Air       0%         1d10      100%        5
 Borgnjor's Vile Clutch   Necr/Erth      0%         N/A       100%        5
 Fireball                 Conj/Fire      0%         3d3       100%        5
 Lee's Rapid Deconstruct  Erth           0%         3d4*      100%        5
 Lightning Bolt           Conj/Air       0%         1d11      100%        5
 Metabolic Englaciation   Hex/Ice        0%         N/A       100%        5
 Yara's Violent Unravell  Hex/Tmut       0%         3d3       100%        5
 Dispersal                Tloc           0%         N/A       100%        6
 Eringya's Noxious Bog    Tmut/Pois      0%         N/A       100%        6
 Starburst                Conj/Fire      0%         6d3       100%        6
 Statue Form              Tmut/Erth      0%         N/A       100%        6
 Discord                  Hex            0%         N/A       100%        8
 Call Imp                 Summ           Unusable   N/A       N/A         2
 Call Canine Familiar     Summ           Unusable   N/A       N/A         3
 Summon Guardian Golem    Hex/Summ       Unusable   N/A       N/A         3
 Tukima's Dance           Hex            Unusable   N/A       N/A         3
 Summon Ice Beast         Ice/Summ       Unusable   N/A       N/A         4
 Summon Lightning Spire   Summ/Air       Unusable   N/A       N/A         4
 Animate Dead             Necr           Unusable   N/A       N/A         4
 Death Channel            Necr           Unusable   N/A       N/A         6

Inventory:

Hand Weapons
 b - a +8 scimitar of flaming
Missiles
 I - 8 large rocks {=f}
 V - a throwing net {=f}
 X - 2 curare-tipped darts {=f}
Armour
 l - +0 storm dragon scales (worn)
 J - a +1 hat (worn)
 N - the +0 cloak of Duty (worn) {MP+9}

   MP:        It affects your magic capacity (+9).
Jewellery
 L - an amulet of guardian spirit (around neck)
 M - a +4 ring of protection (left claw)
 P - the ring "Zemui" (right claw) {rPois rF+ rC+}

   [ring of protection from cold]

   rF:        It protects you from fire.
   rC:        It protects you from cold.
   rPois:     It protects you from poison.
Wands
 j - a wand of flame (16)
 r - a wand of roots (10)
 w - a wand of paralysis (16)
 R - a wand of acid (8)
 U - a wand of polymorph (8)
 W - a wand of mindburst (22)
 Z - a wand of digging (14)
Scrolls
 a - 6 scrolls of poison {!r}
 d - 5 scrolls of teleportation {@r4}
 i - 6 scrolls of noise {!r}
 o - 7 scrolls of vulnerability {!r}
 y - 3 scrolls of silence {!r}
 z - 7 scrolls of immolation {!r}
 B - 2 scrolls of magic mapping
 C - 2 scrolls of blinking
Potions
 c - 2 potions of mutation {!q}
 f - 5 potions of resistance
 g - 7 potions of lignification {!q}
 h - 6 potions of attraction {!q}
 m - 7 potions of curing {@q1}
 n - 2 potions of haste {@q3}
 q - 3 potions of invisibility
 s - 9 potions of ambrosia
 u - 4 potions of might
 x - 7 potions of berserk rage {!q}
 E - 7 potions of flight
 K - 2 potions of magic

Dungeon Overview and Level Annotations

Branches:
Dungeon (15/15)            Temple (1/1) D:6            Lair (5/5) D:9
  Swamp (4/4) Lair:2        Snake (4/4) Lair:3        Slime (0/5) Lair:5
    Orc (2/2) D:12            Elf (0/3) Orc:2        Vaults (1/5) D:14
 Depths (0/4) D:15         Bailey (visited)         Desolation (1/1)

Altars:
Ashenzari
Cheibriados
Dithmenos
Elyvilon
Fedhas
Gozag
Hepliaklqana
Kikubaaqudgha
Makhleb
Nemelex Xobeh
Okawaru
Qazlal
Ru
Sif Muna
Trog
Uskayaw
Vehumet
Wu Jian
Xom
Yredelemnul
Zin
The Shining One
Jiyva

Shops:
D:11 *   Orc:2 =**[   Vaults:1 ?

Annotations:
D:12 2 transporters, slayr's ghost, journeyman VSNe
D:15 1 runed translucent door, exclusion: door, Semoopse's ghost, adept GrEE

▒▒.............#.#.####........##
▒▒....#.......########...........
▒▒............#.#####..........▒.
▒▒........▒...####.#...........▒.
▒▒..▒.........#.#####............
▒▒...........)...#...............
▒▒............##########..▒▒.....
▒▒...........#########...........
▒▒............##T##..............
▒▒............##.#..#...........▒
▒▒..............9.#..............
▒▒.................▒.............
▒▒...........L.....▒.............
▒▒............................∩..
▒▒.............L.................
▒▒............a...............∩..
▒▒.........##............▒.......


You could see a ragged hierophant (summoned), 2 halazid warlocks and a saltling
(summoned, strong).


Message History

You claw the peacekeeper!
The peacekeeper is severely damaged.
You mangle the peacekeeper!!
You destroy the peacekeeper!
Okawaru accepts your kill.
The halazid warlock gestures at the saltling while chanting.
The saltling's animating energy erupts into ghostly fire!
The ghostly flame explodes!
The ghostly fireball engulfs you!!!!
You feel drained.
* * * LOW HITPOINT WARNING * * *
The ghostly fireball engulfs the saltling.
The saltling completely resists.
Unknown command.
You scratch the saltling but do no damage.
The saltling hits you!
* * * LOW HITPOINT WARNING * * *
Unknown command.
You miss the guardian serpent.
Unknown command.
You closely miss the guardian serpent.
Unknown command.
You eviscerate the guardian serpent!!!
You kill the guardian serpent!
The halazid warlock gestures at the saltling while chanting.
The saltling's animating energy erupts into ghostly fire!
The ghostly flame explodes!
The ghostly fireball engulfs you!!!
You feel drained.
You die...

Action                   |  1- 3 |  4- 6 |  7- 9 | 10-12 | 13-15 | 16-18 || total
-------------------------+-------+-------+-------+-------+-------+-------++-------
Melee: Unarmed           |   131 |    57 |   242 |   663 |  1186 |  1187 ||  3466
       Punch             |     7 |     1 |    12 |    44 |   140 |   194 ||   398
       Dagger            |       |       |       |     3 |       |       ||     3
       Great mace        |       |       |       |       |    27 |       ||    27
       Scimitar          |       |       |       |       |     4 |    67 ||    71
Invok: Heroism           |       |       |     1 |    12 |    17 |    56 ||    86
       Finesse           |       |       |       |       |     2 |     7 ||     9
Evoke: Wand              |       |       |     1 |    13 |    10 |     9 ||    33
  Use: Potion            |       |       |     3 |       |       |    12 ||    15
       Scroll            |       |       |       |    16 |    18 |    18 ||    52
 Stab: Sleeping          |     1 |       |       |       |       |       ||     1
Armor: Robe              |    67 |       |       |       |       |       ||    67
       Storm dragon scal |    12 |    27 |   135 |   342 |   884 |   999 ||  2399
       Skin              |       |       |     9 |       |       |       ||     9
Dodge: Dodged            |    69 |    13 |    61 |   290 |   488 |   487 ||  1408

Levels and vault maps discovered:
D:1:      dpeg_arrival_court, layout_basic, ebering_ecumenical_altar_mist
D:2:      layout_basic, wad_floor_pattern_2, uniq_sigmund
D:3:      layout_basic
D:4:      layout_basic, uniq_menkaure, uniq_crazy_yiuf_cottage, uniq_pikel
D:5:      layout_loops_cross, nicolae_qazlal_style_of_elements, st_stairs_5,
          nicolae_figureground_pulse
D:6:      layout_rooms, nicolae_sif_muna_little_library,
          minmay_temple_entry_from_below_b, uniq_eustachio, uniq_prince_ribbit1
D:7:      cheibrodos_two_vegetables, layout_gridville
D:8:      layout_cave_pools, minmay_diamond_spiral
D:9:      layout_cave_pools, kennysheep_little_box, hellmonk_lair_entry_icy,
          amethyst_killhole, serial_bayou_pond_c
D:10:     layout_rooms, cheibrodos_worm_habitat, enter_bailey_7,
          minmay_st_funbox, chequers_mini_garden
D:11:     layout_basic, serial_shops, nicolae_shop_statue_plus
D:12:     layout_roguey [special_room_bee], david_orc_3, serial_curves,
          eino_curves_04, eino_curves_04, gammafunk_ghost_wrathful_warriors
D:13:     layout_basic, uniq_jorgrun, uniq_josephine
D:14:     layout_long_grid, lightli_vaults_fourway_checkpoint, uniq_roxanne
D:15:     hangedman_depths_entry_civil_slaughter, layout_basic, glass_columns_b,
          gammafunk_ghost_grave
Temple:   dpeg_five_rooms_temple
Lair:1:   layout_hall_layers
Lair:2:   layout_gridlike, swamp_mist, serial_bayou_shore_a
Lair:3:   layout_small_grid, guppyfry_snake_entry_garden, grunt_megastairs_2,
          lemuel_fruit_fields
Lair:4:   layout_roguey, pond
Lair:5:   evilmike_catoblepas_cave, layout_layer_cave, dpeg_slime_entry_corner,
          special_room [special_room_mythical_zoo]
Swamp:1:  layout_basic_swamp, evilmike_swamp_ruin_house_6, swamp_pool3,
          statue_in_the_mist_lemuel
Swamp:2:  layout_basic_swamp, nicolae_swamp_small_spring
Swamp:3:  layout_falls_marsh, evilmike_swamp_ruin_house_3,
          nicolae_swamp_some_circles, uniq_donald
Swamp:4:  swamp_old_school, layout_basic_swamp, roderic_carrion_pond
Snake:1:  layout_basic
Snake:2:  layout_grid_maze
Snake:3:  layout_cave_shapes, uniq_saint_roka, uniq_aizul
Snake:4:  minmay_snake_end_coiled, layout_rooms, minmay_snake_pond
Orc:1:    layout_diamond_mine, nicolae_orc_lava_tube, uniq_erolcha
Orc:2:    st_orc_rangers, layout_caves, roderic_batcave, nooodl_orcs_dogs
Vaults:1: portal_desolation_entry_ruin, hangedman_vaults_locks,
          nicolae_vaults_alarming, nicolae_vaults_bisected_exclaves,
          hangedman_vaults_stream, nicolae_vaults_network_square, v_misc_28,
          vaults_room_glass_cross, ontoclasm_vaults_fault,
          nicolae_vaults_asterisk, layout_vaults_ring, serial_shops,
          nicolae_diamond_shop, nicolae_shop_crystal, nicolae_shop_waterfront,
          uniq_zenata
Desolation

Notes
Turn   | Place    | Note
-------+----------+-------------------------------------------
     0 | D:1      | sanka the Troll Summoner began the quest for the Orb.
     0 | D:1      | Reached XP level 1. HP: 16/16 MP: 1/1
    97 | D:1      | Reached skill level 1 in Unarmed Combat
   116 | D:1      | Reached XP level 2. HP: 24/24 MP: 2/2
   161 | D:1      | Reached skill level 2 in Unarmed Combat
   312 | D:1      | Found a faded altar of an unknown god.
   710 | D:1      | Reached XP level 3. HP: 31/31 MP: 3/3
   912 | D:2      | Reached skill level 3 in Unarmed Combat
   969 | D:2      | Noticed Sigmund
  1642 | D:2      | Identified +0 storm dragon scales
  2031 | D:3      | Noticed a kobold brigand
  2038 | D:3      | Killed a kobold brigand
  2039 | D:3      | Reached skill level 4 in Unarmed Combat
  2039 | D:3      | Reached XP level 4. HP: 37/39 MP: 4/4
  2039 | D:3      | Reached XP level 5. HP: 42/45 MP: 5/5
  2055 | D:3      | Reached skill level 5 in Unarmed Combat
  2308 | D:4      | Noticed Pikel
  2309 | D:4      | Noticed a lemure
  2310 | D:4      | Noticed a lemure
  2313 | D:4      | Noticed a lemure
  2315 | D:4      | Noticed an ogre
  2416 | D:4      | Reached XP level 6. HP: 52/53 MP: 6/6
  2449 | D:4      | Reached skill level 6 in Unarmed Combat
  2605 | D:4      | Noticed Menkaure
  2611 | D:5      | Entered Level 5 of the Dungeon
  2617 | D:5      | Reached skill level 7 in Unarmed Combat
  2629 | D:5      | Reached XP level 7. HP: 58/59 MP: 7/7
  2715 | D:5      | Reached skill level 8 in Unarmed Combat
  2822 | D:5      | HP: 5/59 [poisoned by a killer bee]
  2823 | D:5      | Reached skill level 9 in Unarmed Combat
  2823 | D:5      | HP: 2/59 [poisoned by a killer bee]
  2859 | D:5      | Reached XP level 8. HP: 35/67 MP: 8/8
  3017 | D:5      | Found a stormy altar of Qazlal.
  3018 | D:5      | Noticed an air elemental
  3294 | D:5      | Reached skill level 10 in Unarmed Combat
  3294 | D:5      | Reached skill level 1 in Fighting
  3515 | D:6      | Noticed Prince Ribbit
  3527 | D:5      | Reached skill level 2 in Fighting
  3591 | D:5      | Reached skill level 3 in Fighting
  3658 | D:6      | Found a staircase to the Ecumenical Temple.
  3697 | D:6      | Reached skill level 4 in Fighting
  3862 | D:7      | Reached XP level 9. HP: 86/87 MP: 9/9
  3922 | Temple   | Entered the Ecumenical Temple
  4186 | Temple   | Became a worshipper of Warmaster Okawaru
  4280 | D:6      | Killed Prince Ribbit
  4281 | D:6      | Reached skill level 5 in Fighting
  4321 | D:4      | Killed Menkaure
  4477 | D:4      | Found a runed translucent door.
  4478 | D:4      | Noticed Crazy Yiuf
  4486 | D:4      | Killed Crazy Yiuf
  4614 | D:4      | Killed Pikel
  4615 | D:4      | Reached skill level 6 in Fighting
  5338 | D:2      | Killed Sigmund
  5338 | D:2      | Reached * piety under Okawaru
  5426 | D:6      | Noticed Eustachio
  5441 | D:6      | Killed Eustachio
  5442 | D:6      | Reached skill level 1 in Invocations
  5455 | D:6      | Reached skill level 2 in Invocations
  5685 | D:6      | Found a shimmering blue altar of Sif Muna.
  5762 | D:7      | Reached skill level 3 in Invocations
  6155 | D:7      | Reached skill level 4 in Invocations
  6166 | D:7      | Noticed a boulder beetle
  6176 | D:7      | Killed a boulder beetle
  6176 | D:7      | Reached ** piety under Okawaru
  6177 | D:7      | Reached skill level 7 in Fighting
  6177 | D:7      | Reached skill level 11 in Unarmed Combat
  6177 | D:7      | Reached XP level 10. HP: 72/102 MP: 9/12
  6491 | D:8      | Identified the +5 dagger of Linearity {drain, Str+2 SInv}
  6515 | D:8      | Noticed a cyan ugly thing
  6526 | D:8      | Killed a cyan ugly thing
  6558 | D:8      | Noticed a centaur warrior
  6577 | D:8      | Killed a centaur warrior
  6577 | D:8      | Reached *** piety under Okawaru
  6637 | D:8      | Identified the +4 scale mail of the Evening Star {rElec
                  | Int-5 Dex+5 Stlth+}
  6727 | D:8      | Reached skill level 8 in Fighting
  6777 | D:8      | Noticed a two-headed ogre
  6786 | D:8      | Killed a two-headed ogre
  6787 | D:8      | Reached skill level 12 in Unarmed Combat
  7391 | D:8      | Reached **** piety under Okawaru
  7452 | D:9      | Noticed a seven-headed hydra
  7468 | D:8      | Reached XP level 11. HP: 68/113 MP: 13/13
  7598 | D:9      | Found a staircase to the Lair.
  7632 | D:9      | Reached skill level 1 in Evocations
  7788 | D:9      | Identified a +0 robe of the Archmagi
  7811 | D:9      | Noticed a two-headed ogre
  7816 | D:9      | Killed a two-headed ogre
  7817 | D:9      | Reached skill level 2 in Evocations
  7866 | D:9      | Found an opulent altar of Gozag.
  7965 | D:9      | Reached skill level 3 in Evocations
  8112 | D:10     | Entered Level 10 of the Dungeon
  8153 | D:10     | Reached skill level 4 in Evocations
  8261 | D:10     | Reached skill level 9 in Fighting
  8303 | D:10     | Found a runed translucent door.
  8303 | D:10     | Noticed an orc knight
  8303 | D:10     | Noticed a centaur warrior
  8370 | D:10     | Found a flagged portal.
  8389 | Bailey   | Entered a bailey
  8506 | Bailey   | Noticed an orc knight
  8519 | Bailey   | Killed an orc knight
  8520 | Bailey   | Reached skill level 1 in Armour
  8595 | Bailey   | Found a large runed translucent door.
  8595 | Bailey   | Found a large runed translucent door.
  8606 | Bailey   | Noticed a deep elf pyromancer
  8625 | Bailey   | Reached ***** piety under Okawaru
  8702 | Bailey   | Killed a deep elf pyromancer
  8720 | Bailey   | Got the Catalogue of the Shrike
  8826 | D:10     | Reached skill level 13 in Unarmed Combat
  8859 | D:10     | Found a snail-covered altar of Cheibriados.
  9012 | D:11     | Reached skill level 2 in Armour
  9109 | D:11     | Noticed a deep elf pyromancer
  9111 | D:11     | Noticed a two-headed ogre
  9138 | D:11     | Killed a deep elf pyromancer
  9142 | D:11     | Killed a two-headed ogre
  9161 | D:11     | Reached skill level 3 in Armour
  9330 | D:11     | Noticed a two-headed ogre
  9343 | D:11     | Killed a two-headed ogre
  9343 | D:11     | Identified the +0 hat of Dramatic Exits {Contam rC+ Dex+2
                  | Stlth+} (Okawaru gifted it to you on level 11 of the
                  | Dungeon)
  9343 | D:11     | Received a gift from Okawaru
  9610 | D:11     | Found Lirena's Assorted Antiques.
  9894 | D:11     | Bought a scratched brass ring for 150 gold pieces
  9964 | Lair:1   | Entered Level 1 of the Lair of Beasts
  9970 | Lair:1   | Reached XP level 12. HP: 105/126 MP: 14/14
 10107 | Lair:1   | Identified the +2 ring mail of Makhleb's Hope {rC+ Str+2}
 10338 | Lair:1   | Reached skill level 10 in Fighting
 10365 | Lair:1   | Noticed a boulder beetle
 10378 | Lair:1   | Reached skill level 4 in Armour
 10478 | Lair:1   | Killed a boulder beetle
 11027 | Lair:2   | Identified the +1 pair of gloves of the Bulwark {rF+ rC+
                  | Will+ Dex-4}
 11074 | Lair:2   | Reached skill level 14 in Unarmed Combat
 11141 | Lair:2   | Identified the +1 sling of Elaimakk {flame, Fragile rPois
                  | Int+3 SInv}
 11251 | Lair:2   | Reached skill level 5 in Armour
 11659 | Lair:2   | Found a staircase to the Swamp.
 12358 | Lair:3   | Identified the +8 great mace of Okawaru, Loving {antimagic,
                  | rF+} (Okawaru gifted it to you on level 3 of the Lair of
                  | Beasts)
 12358 | Lair:3   | Received a gift from Okawaru
 12423 | Lair:3   | Reached skill level 6 in Armour
 12429 | Lair:3   | Found a staircase to the Snake Pit.
 12480 | Lair:3   | Reached skill level 11 in Fighting
 12501 | Lair:3   | Reached XP level 13. HP: 106/137 MP: 15/15
 13429 | Lair:4   | Identified the +0 robe "Esiecytz" {Str+2}
 13563 | Lair:4   | Reached ****** piety under Okawaru
 13828 | Lair:4   | HP: 12/137 [seven-headed hydra (7)]
 13966 | Lair:4   | Reached skill level 15 in Unarmed Combat
 14342 | Lair:5   | Entered Level 5 of the Lair of Beasts
 14358 | Lair:5   | Identified the +2 robe of Shielding {rF+ rC+ Will+ Str+2}
                  | (Okawaru gifted it to you on level 5 of the Lair of Beasts)
 14358 | Lair:5   | Received a gift from Okawaru
 14462 | Lair:5   | Reached skill level 7 in Armour
 15287 | Lair:5   | Reached skill level 12 in Fighting
 15443 | Lair:5   | Reached skill level 5 in Invocations
 15534 | Lair:5   | Identified the ring "Zemui" {rPois rF+ rC+}
 15777 | Lair:5   | Reached skill level 6 in Invocations
 15777 | Lair:5   | Reached XP level 14. HP: 149/149 MP: 17/17
 15987 | Lair:5   | Found a viscous altar of Jiyva.
 15987 | Lair:5   | Found a staircase to the Slime Pits.
 16456 | D:9      | Reached skill level 7 in Invocations
 16639 | D:12     | Found a staircase to the Orcish Mines.
 16933 | D:12     | Found a transporter.
 16941 | D:12     | Found a bloodstained altar of Trog.
 16941 | D:12     | Noticed slayr's ghost (journeyman VSNe)
 16960 | D:12     | Found a transporter.
 17027 | D:12     | Identified the +0 tower shield of Jialet {Dex+4} (Okawaru
                  | gifted it to you on level 12 of the Dungeon)
 17027 | D:12     | Received a gift from Okawaru
 17028 | D:12     | Reached skill level 8 in Invocations
 17488 | Orc:1    | Entered Level 1 of the Orcish Mines
 17645 | Orc:1    | Noticed Erolcha
 17662 | Orc:1    | Killed Erolcha
 18056 | Orc:2    | Entered Level 2 of the Orcish Mines
 18188 | Orc:2    | Reached skill level 9 in Invocations
 18386 | Orc:2    | Found a staircase to the Elven Halls.
 18937 | Orc:2    | Learned a level 2 spell: Passwall
 19074 | Orc:2    | Reached skill level 10 in Invocations
 19132 | Orc:2    | Reached skill level 8 in Armour
 19227 | Orc:2    | Found Yzieg's Assorted Antiques.
 19227 | Orc:2    | Found Aqygyhoz's Assorted Antiques.
 19229 | Orc:2    | Found Dech's Jewellery Shop.
 19231 | Orc:2    | Found Rakisues's Antique Armour Shoppe.
 19235 | Orc:2    | Bought a scroll of blinking for 277 gold pieces
 19677 | D:13     | Identified the +2 scale mail of Iriokh {Slay+5}
 19920 | D:13     | Noticed Jorgrun
 19920 | D:13     | Noticed Josephine
 19935 | D:13     | Killed Jorgrun
 19943 | D:13     | Killed Josephine
 19943 | D:13     | Received a gift from Okawaru
 19959 | D:13     | Reached skill level 16 in Unarmed Combat
 20379 | D:14     | Noticed Roxanne
 20530 | D:14     | Found a gate to the Vaults.
 20781 | D:14     | Reached XP level 15. HP: 153/158 MP: 19/21
 20803 | D:14     | Reached skill level 9 in Armour
 21105 | D:14     | Received a gift from Okawaru
 21683 | D:14     | Killed Roxanne
 21729 | D:15     | Entered Level 15 of the Dungeon
 21785 | D:15     | Found a runed translucent door.
 21785 | D:15     | Noticed Semoopse's ghost (adept GrEE)
 21840 | D:15     | Reached skill level 13 in Fighting
 22294 | D:15     | Found a staircase to the Depths.
 22867 | Snake:1  | Entered Level 1 of the Snake Pit
 22955 | Snake:1  | Identified a scroll of acquirement
 22956 | Snake:1  | Acquired 1215 gold pieces
 23514 | Snake:1  | Identified the +0 cloak of Duty {MP+9} (Okawaru gifted it
                  | to you on level 1 of the Snake Pit)
 23514 | Snake:1  | Received a gift from Okawaru
 23650 | Snake:1  | Reached skill level 10 in Armour
 23664 | Snake:1  | Reached skill level 17 in Unarmed Combat
 23982 | Snake:2  | Noticed a nagaraja
 23990 | Snake:2  | Killed a nagaraja
 25054 | Snake:2  | Reached XP level 16. HP: 171/171 MP: 22/22
 25511 | Snake:2  | Received a gift from Okawaru
 26222 | Snake:2  | HP: 17/171 [poisoned by a black mamba]
 26434 | Snake:3  | Noticed Aizul
 26434 | Snake:3  | Found the +3 robe of Clouds {*Thunder rCloud rElec}
 26670 | Snake:3  | Identified 3 potions of resistance
 26854 | Snake:3  | Killed Aizul
 26855 | Snake:3  | Reached skill level 14 in Fighting
 26855 | Snake:3  | Reached skill level 11 in Armour
 27218 | Snake:3  | Noticed Saint Roka
 27571 | Snake:3  | Identified a +1 robe of the Archmagi
 27772 | Snake:3  | Reached skill level 18 in Unarmed Combat
 27926 | Snake:3  | Killed Saint Roka
 28178 | Snake:4  | Entered Level 4 of the Snake Pit
 28903 | Snake:4  | Identified the +3 shortbow of a Thousand Planets {speed,
                  | MP-9 Str+4 Int+3} (Okawaru gifted it to you on level 4 of
                  | the Snake Pit)
 28903 | Snake:4  | Received a gift from Okawaru
 28911 | Snake:4  | HP: 16/174 [poisoned by a nagaraja (poison arrow)]
 28915 | Snake:4  | HP: 5/174 [naga mage/+0 spear (12)]
 28921 | Snake:4  | HP: 17/174 [poisoned by naga (concentrated venom)]
 29365 | Snake:4  | Reached skill level 12 in Armour
 29580 | Snake:4  | Reached XP level 17. HP: 149/182 MP: 23/23
 30009 | Snake:4  | Received a gift from Okawaru
 30024 | Snake:4  | Reached skill level 15 in Fighting
 30174 | Snake:4  | Got a serpentine rune of Zot
 30377 | Swamp:1  | Entered Level 1 of the Swamp
 30385 | Swamp:1  | Reached skill level 19 in Unarmed Combat
 31422 | Swamp:2  | HP: 15/184 [alligator (14)]
 31570 | Swamp:2  | Identified the +12 longbow of Enophis {drain, rPois rC+
                  | Will+} (Okawaru gifted it to you on level 2 of the Swamp)
 31570 | Swamp:2  | Received a gift from Okawaru
 31905 | Swamp:2  | Reached skill level 20 in Unarmed Combat
 31978 | Swamp:2  | Paralysed by a fenstrider witch for 4 turns
 32031 | Swamp:2  | Identified the +1 robe of Curiosity {Rampage rElec Regen+
                  | Dex-5}
 32351 | Swamp:3  | Identified +0 swamp dragon scales
 32430 | Swamp:3  | Noticed Donald
 32545 | Swamp:2  | Killed Donald
 32949 | Swamp:3  | Received a gift from Okawaru
 33123 | Swamp:3  | Got the Catalogue of the Birds and Venin
 33221 | Swamp:4  | Entered Level 4 of the Swamp
 33498 | Swamp:4  | Reached skill level 21 in Unarmed Combat
 34355 | Swamp:4  | Noticed the 27-headed Lernaean hydra
 34666 | Swamp:4  | Reached XP level 18. HP: 192/193 MP: 24/24
 34683 | Swamp:4  | Killed the 25-headed Lernaean hydra
 34784 | Swamp:4  | Identified +0 swamp dragon scales
 34907 | Swamp:4  | Identified +0 swamp dragon scales
 34998 | Swamp:4  | Identified +0 swamp dragon scales
 35003 | Swamp:4  | Got a decaying rune of Zot
 35332 | Orc:2    | Bought a potion of haste for 370 gold pieces
 35332 | Orc:2    | Upgraded the game from 0.30-a0-339-g89bb51ec76 to
                  | 0.30-a0-341-g682706514a
 35442 | Vaults:1 | Entered Level 1 of the Vaults
 35442 | Vaults:1 | Found Vivuor's Magic Scroll Boutique.
 35458 | Vaults:1 | Reached skill level 22 in Unarmed Combat
 35705 | Vaults:1 | Identified the +1 tower shield of Morality {Stlth+}
                  | (Okawaru gifted it to you on level 1 of the Vaults)
 35705 | Vaults:1 | Received a gift from Okawaru
 35715 | Vaults:1 | Reached skill level 5 in Evocations
 35821 | Vaults:1 | Found a crumbling gateway.
 35839 | Desolati | Entered the Desolation of Salt
 35938 | Desolati | Reached skill level 11 in Invocations
 36100 | Desolati | Reached skill level 6 in Evocations
 36278 | Desolati | Identified the +6 scimitar "Duhel" {drain, *Rage rPois
                  | Str+5 Dex+2}
 36295 | Desolati | HP: 4/186 [saltling (20)]
 36302 | Desolati | HP: 12/186 [peacekeeper (6)]
 36740 | Desolati | Killed from afar by a halazid warlock

Vanquished Creatures
  Saint Roka (Snake:3)
  the Lernaean hydra (Swamp:4)
  Jorgrun (D:13)
  A thorn hunter (Swamp:3)
  Roxanne (D:14)
  9 nagarajas
  2 vault wardens (Vaults:1)
  Donald (Swamp:2)
  A fenstrider witch (Swamp:2)
  2 imperial myrmidons (Desolation)
  Aizul (Snake:3)
  2 ghouls (Swamp:4)
  An ironbound thunderhulk (Vaults:1)
  6 eleionomae
  A halazid warlock (Desolation)
  4 dire elephants (Vaults:1)
  7 bunyips
  An ettin (D:15)
  3 ragged hierophants (Desolation)
  Josephine (D:13)
  A rakshasa (D:14)
  6 peacekeepers (Desolation)
  2 servants of whispers (Desolation)
  Erolcha (Orc:1)
  18 hydras
  6 salamander tyrants
  5 vault guards
  4 catoblepae
  3 ironbound frosthearts (Vaults:1)
  A ghost crab (Swamp:3)
  9 anacondas
  15 centaur warriors
  7 boulder beetles
  7 death yaks (Lair:5)
  6 two-headed ogres
  2 tengu warriors (D:15)
  14 naga warriors
  15 alligators
  A shock serpent (Snake:4)
  11 naga sharpshooters
  A fire crab (Lair:4)
  4 salamander mystics
  7 spriggans
  15 swamp dragons
  5 goliath frogs
  3 sea snakes (Snake:4)
  A deep troll (shapeshifter) (D:14)
  7 bog bodies
  3 spriggan druids
  3 lindwurms (Vaults:1)
  A wizard (Vaults:1)
  4 ironbound convokers
  9 naga ritualists
  Pikel (D:4)
  3 orc knights
  5 mana vipers
  A harpy (Vaults:1)
  13 salamanders
  2 deep elf pyromancers
  An orc sorcerer (D:15)
  5 manticores
  9 ugly things
  32 black mambas
  3 will-o-the-wisps
  2 cyclopes (D:14)
  5 guardian serpents
  2 vault sentinels (Vaults:1)
  2 molten gargoyles (Desolation)
  14 naga magi
  2 gargoyles
  6 cane toads
  3 unseen horrors
  12 rime drakes
  10 komodo dragons
  2 efreet
  2 tengu conjurers (D:15)
  A kobold demonologist (D:11)
  3 meliai (D:12)
  8 trolls
  A queen bee (D:12)
  7 tyrant leeches
  7 hornets
  3 polar bears
  15 slime creatures
  13 blink frogs
  Prince Ribbit (D:6)
  37 saltlings (Desolation)
  A jumping spider (shapeshifter) (D:13)
  Sigmund (D:2)
  10 wyverns
  4 shadows
  2 vampires
  Eustachio (D:6)
  7 wraiths
  27 yaks
  2 steam dragons (D:10)
  9 basilisks
  7 vampire mosquitoes
  15 swamp worms
  Menkaure (D:4)
  2 acid dragons
  8 wargs
  58 nagas
  2 hell hounds
  13 water moccasins
  4 ice beasts
  A black bear (D:7)
  2 sky beasts
  8 swamp drakes
  6 ogres
  50 orc warriors
  11 wolves
  23 centaurs
  2 phantoms (D:5)
  2 kobold brigands
  11 bullfrogs
  A gnoll sergeant (D:12)
  6 scorpions
  2 necrophages
  9 wights (D:10)
  A hornet simulacrum (D:15)
  34 killer bees
  9 electric eels
  4 vampire bats (Orc:2)
  15 howler monkeys
  4 hounds
  15 orc priests
  Crazy Yiuf (D:4)
  2 gnoll boudas
  3 jellies
  2 iguanas
  27 orc wizards
  4 hell rats (Lair:5)
  14 gnolls
  4 adders
  A shadow imp (D:7)
  3 white imps
  An ufetubus (D:5)
  3 worms
  3 dart slugs
  81 orcs
  5 ball pythons
  3 endoplasms
  3 giant cockroaches
  12 goblins
  8 hobgoblins
  2 jackals (D:1)
  6 quokkas
  11 bats
  6 frilled lizards
  9 kobolds
  2 rats
1083 creatures vanquished.

Vanquished Creatures (others)
  A tengu conjurer (D:15)
  6 bloated husks
  A tyrant leech (Swamp:4)
  A saltling (Desolation)
  12 foxfires (Swamp:3)
  24 fungi
  79 plants
  2 withered plants (D:15)
126 creatures vanquished.

Grand Total: 1209 creatures vanquished
